 Dungeon Crawl Stone Soup version 0.30.0-29-ga12c61a403 (webtiles) character file.

Game seed: 1619259095118953165

26231 monsoonserge the Covert (level 12, -10/68 HPs)
             Began as a Vampire Enchanter on June 10, 2023.
             Was a Priest of Wu Jian.
             Mangled by a catoblepas (12 damage)
             ... while petrified by a catoblepas
             ... on level 2 of the Lair of Beasts.
             The game lasted 01:14:17 (14782 turns).

monsoonserge the Covert (Vampire Enchanter)        Turns: 14782, Time: 01:14:18

Health: -10/68     AC:  0    Str:  3 (7)  XL:     12   Next: 96%
Magic:  19/23      EV:  5    Int: 20 (23) God:    Wu Jian [***...]
Gold:   758        SH:  0    Dex: 15 (19) Spells: 1/26 levels left

rFire   . . .        U - melded +4 dagger (distort)
rCold   + + .        W - melded +0 buckler
rNeg    + + +        L - melded +0 steam dragon scales
rPois   ∞            k - melded +0 helmet of the Louse {rC+}
rElec   .            b - melded +0 cloak
rCorr   .            Y - melded +0 pair of gloves
SInv    +            O - melded +0 pair of boots
Will    +....        (no amulet)
Stlth   +++++++      E - melded ring of resist corrosion
HPRegen 0.00/turn    X - melded ring of protection from fire
MPRegen 0.18/turn

%: no passive effects
@: confusing by touch, bat-form, petrified, flying, bloodless, inhibited regen,
very quick
A: fast, flying, no casting, tiny, bloodless, fangs 3, see invisible, vampiric 2
a: Revivify, End Transformation, Renounce Religion, Wall Jump, Serpent's Lash


You were on level 2 of the Lair of Beasts.
You worshipped Wu Jian.
Wu Jian was most pleased with you.
You were a vampire bat.
You visited 3 branches of the dungeon, and saw 17 of its levels.
You also visited: Sewer.

You collected 1020 gold pieces.
You spent 262 gold pieces at shops.

Inventory:

Hand Weapons
 U - a +4 dagger of distortion (melded)
Missiles
 o - 21 boomerangs
 s - 4 datura-tipped darts
 w - 30 poisoned darts (quivered)
 x - 3 curare-tipped darts
 B - 3 javelins
Armour
 b - a +0 cloak (melded)
 d - a +2 leather armour of poison resistance
 k - the +0 helmet of the Louse (melded) {rC+}
   (You found it on level 2 of the Dungeon)

   rC:        It protects you from cold.
 L - +0 steam dragon scales (melded)
 N - a +0 kite shield
 O - a +0 pair of boots (melded)
 W - a +0 buckler (melded)
 Y - a +0 pair of gloves (melded)
Jewellery
 u - a ring of ice
 E - a ring of resist corrosion (melded)
 T - a ring of flight
 X - a ring of protection from fire (melded)
 Z - a ring of poison resistance
Wands
 y - a wand of quicksilver (6)
 D - a wand of polymorph (12)
 K - a wand of paralysis (25)
 M - a wand of iceblast (13)
 R - a wand of flame (59)
 S - a wand of mindburst (8)
Scrolls
 f - 3 scrolls of immolation
 g - 5 scrolls of teleportation
 i - 4 scrolls of magic mapping
 j - 3 scrolls of enchant armour
 l - a scroll of poison {unknown}
 p - 2 scrolls of vulnerability {unknown}
 v - 5 scrolls of fog
 F - 2 scrolls of fear
 G - a scroll of silence {unknown}
 H - a scroll of summoning {unknown}
 J - 3 scrolls of torment
 P - 3 scrolls of amnesia
 V - a scroll of blinking {unknown}
Potions
 a - 5 potions of attraction
 c - 3 potions of invisibility
 e - 2 potions of haste {unknown}
 h - 8 potions of curing
 m - 3 potions of heal wounds
 n - 2 potions of cancellation {unknown}
 q - 7 potions of might
 t - 5 potions of flight
 z - 8 potions of lignification
 A - 3 potions of magic
 C - 3 potions of berserk rage
 I - a potion of mutation {unknown}
 Q - a potion of resistance {unknown}
Miscellaneous
 r - a phial of floods


   Skills:
 + Level 5.4 Fighting
 + Level 9.7 Short Blades
 + Level 0.2 Throwing
 - Level 4.0 Armour
 + Level 7.6 Dodging
 - Level 13.0 Stealth
 * Level 4.9 Shields
 + Level 7.9 Spellcasting
 - Level 1.0 Conjurations
 + Level 12.9 Hexes
 - Level 7.0 Necromancy
 - Level 3.0 Translocations
 + Level 2.2 Ice Magic
 * Level 2.3 Evocations


You had one spell level left.
You knew the following spells:

 Your Spells              Type           Power      Damage    Failure   Level
a - Ensorcelled Hibernat  Hex/Ice        76%        N/A       1%          2
b - Confusing Touch       Hex            56%        N/A       1%          3
c - Dazzling Flash        Conj/Hex       70%        N/A       1%          3
d - Tukima's Dance        Hex            56%        N/A       1%          3
e - Blink                 Tloc           38%        N/A       3%          2
f - Vampiric Draining     Necr           35%        2d8       1%          3
g - Animate Dead          Necr           35%        N/A       4%          4
h - Metabolic Englaciati  Hex/Ice        19%        N/A       11%         5

Your spell library contained the following spells:

 Spells                   Type           Power      Damage    Failure   Level
 Slow                     Hex            100%       N/A       1%          1
 Apportation              Tloc           38%        N/A       2%          1
 Freeze                   Ice            68%        1d8       3%          1
 Sublimation of Blood     Necr           35%        N/A       1%          2
 Lesser Beckoning         Tloc           38%        N/A       3%          2
 Fulminant Prism          Conj/Hex       17%        3d10      4%          4
 Momentum Strike          Conj/Tloc      30%        3d8       6%          2
 Frozen Ramparts          Ice            34%        1d6       10%         3
 Ozocubu's Armour         Ice            17%        N/A       10%         3
 Static Discharge         Conj/Air       18%        2-3/arc   11%         2
 Hailstorm                Conj/Ice       14%        3d5       13%         3
 Volatile Blastmotes      Fire/Tloc      26%        2d12      14%         3
 Iskenderun's Mystic Bla  Conj/Tloc      15%        2d5       36%         4
 Ice Form                 Ice/Tmut       12%        N/A       47%         4
 Borgnjor's Vile Clutch   Necr/Erth      10%        N/A       50%         5
 Death Channel            Necr           17%        N/A       58%         6
 Airstrike                Air            3%         2d(1-17)  65%         4
 Animate Armour           Summ/Erth      14%        N/A       65%         4
 Petrify                  Tmut/Erth      7%         N/A       65%         4
 Summon Lightning Spire   Summ/Air       7%         N/A       65%         4
 Irradiate                Conj/Tmut      4%         3d13      89%         5
 Simulacrum               Ice/Necr       13%        N/A       89%         6
 Alistair's Intoxication  Tmut/Pois      4%         N/A       94%         5
 Blade Hands              Tmut           3%         N/A       94%         5
 Lee's Rapid Deconstruct  Erth           3%         3d5*      94%         5
 Iron Shot                Conj/Erth      4%         9d2       100%        6


Dungeon Overview and Level Annotations

Branches:
Dungeon (12/15)            Temple (1/1) D:7            Lair (4/5) D:8
    Orc (0/2) D:11          Sewer (visited)
  Swamp: Lair:2-3    Shoals: Lair:2-3     Snake: Lair:2-3    Spider: Lair:2-3
  Slime: Lair:4-5

Altars:
Ashenzari
Cheibriados
Dithmenos
Fedhas
Gozag
Hepliaklqana
Kikubaaqudgha
Makhleb
Nemelex Xobeh
Okawaru
Qazlal
Ru
Sif Muna
Trog
Uskayaw
Vehumet
Wu Jian
Xom
Yredelemnul

Shops:
D:3 !   D:4 ?![   D:7 :

Annotations:
Abyss:1 Robin


Innate Abilities, Weirdness & Mutations

You are a vampire bat.
You are tiny and dextrous.
You move quickly.
You are flying.
You are immune to poison.
Your equipment is almost entirely melded.
You are incapable of wielding weapons or throwing items.
You cannot cast spells.
You do not regenerate when monsters are visible.
You are frail without blood (-20% HP).
You can heal yourself when you bite living creatures.
You are immune to poison.
You have razor-sharp teeth.
You have supernaturally acute eyesight. (SInv)
You are afflicted with vampirism and can become a bat while bloodless.


Message History

The catoblepas breathes a plume of calcifying dust at you.
The blast of calcifying dust hits you!
You spin and attack the catoblepas repeatedly.
You hit the catoblepas but do no damage. x2
The catoblepas gores you!
You hit the catoblepas but do no damage.
You bite the catoblepas, but do no damage.
You hit the catoblepas but do no damage.
The catoblepas breathes a plume of calcifying dust at you.
The blast of calcifying dust hits you!
* * * LOW HITPOINT WARNING * * *
Okay, then.
Casting: Confusing Touch (safe; 1% risk of failure)
Confirm with . or Enter, or press ? or * to list all spells.
Okay, then.
You turn into a vampire bat.
Your +4 dagger of distortion melds into your body.
Your +0 cloak melds into your body.
The +0 helmet of the Louse {rC+} melds into your body.
Your +0 pair of gloves melds into your body.
Your +0 pair of boots melds into your body.
Your +0 buckler melds into your body.
Your +0 steam dragon scales melds into your body.
Your ring of resist corrosion melds into your body.
Your ring of protection from fire melds into your body.
You feel weakened.
You feel dopey.
You feel clumsy.
You are engulfed in calcifying dust.
You are slowing down.
The catoblepas gores you!
* * * LOW HITPOINT WARNING * * *
Your limbs are stiffening.
You feel much better. The catoblepas barely misses you.
You have turned to stone.
The catoblepas gores you!!
* * * LOW HITPOINT WARNING * * *
The catoblepas completely misses you. The catoblepas gores you!!
* * * LOW HITPOINT WARNING * * *
The catoblepas gores you!!
You die...

####.P...#...P♣♣ ♣♣P..##..+.....
#..#####P.P.P♣♣♣♣P..P##.##.....
####..# #...P♣P♣♣P♣♣.#######+###
#.###.## #.#P...P....♣# ..
#....+P####..PP..P♣..##### ##..
..........####...P...[##.####.#P.
..........# #P#......'...##.....
..........######Y......##........
..........##....b.....###.....~~~
..........P#..........###.....~~~
..........##...........#####...~~
..........'..###......## #...~~
..........#### #.......# #..P~~
P)'.#.##.#.# #......P# #....P
#..######### ###'##### #....~
##.# #..# #...~P #.## #.Z##
#Z.~PP


You could see a catoblepas.

Vanquished Creatures
  Fannar (D:11)
  A catoblepas (D:10)
  A hydra (D:10)
  2 two-headed ogres
  2 boulder beetles
  Nergalle (D:11)
  Pikel (D:4)
  A lindwurm (Lair:2)
  A cyclops (D:10)
  Joseph (D:8)
  3 cane toads
  A black mamba (Lair:1)
  A kobold demonologist (D:10)
  A rime drake (Lair:2)
  4 komodo dragons
  An unseen horror (D:10)
  Psyche (D:9)
  4 trolls (D:10)
  4 polar bears (Lair:1)
  2 hornets
  5 slime creatures
  2 shadows (D:10)
  Eustachio (D:4)
  23 yaks
  3 basilisks
  A wraith (D:10)
  Grum (D:8)
  2 steam dragons
  4 vampire mosquitoes (D:11)
  Menkaure (D:4)
  6 water moccasins
  2 ice beasts
  8 orc warriors
  A sky beast (D:8)
  4 black bears (Lair:1)
  12 wolves
  An ogre (D:7)
  A lemure (D:4)
  2 centaurs
  A phantom (D:5)
  Blork the orc (D:5)
  5 kobold brigands
  11 bullfrogs
  2 gnoll sergeants
  3 scorpions
  2 wights (D:10)
  15 killer bees
  7 howler monkeys
  2 gnoll boudas
  3 hounds (D:4)
  2 jellies
  8 orc priests
  Crazy Yiuf (D:3)
  2 iguanas (D:5)
  A sleepcap (D:5)
  Natasha (D:3)
  11 orc wizards
  12 gnolls
  10 adders
  3 river rats (Sewer)
  2 white imps
  2 ufetubi
  3 dart slugs
  41 orcs
  8 endoplasms
  A giant cockroach (D:3)
  13 goblins
  8 hobgoblins
  8 jackals
  9 quokkas
  5 ball pythons
  4 bats
  8 frilled lizards
  16 kobolds
  10 rats
355 creatures vanquished.

Vanquished Creatures (collateral kills)
  A wyvern (D:9)
  2 yaks (D:9)
  A bullfrog (Lair:2)
  A wight (D:10)
  An orc (D:9)
6 creatures vanquished.

Vanquished Creatures (others)
  2 yak zombies
  A black bear zombie (Lair:1)
  2 kobolds (D:9)
5 creatures vanquished.

Grand Total: 366 creatures vanquished

Notes
Turn   | Place    | Note
-------+----------+-------------------------------------------
     0 | D:1      | monsoonserge the Vampire Enchanter began the quest for the
                  | Orb.
     0 | D:1      | Reached XP level 1. HP: 13/13 MP: 3/3
   146 | D:1      | Reached XP level 2. HP: 15/15 MP: 5/5
   157 | D:1      | Found a faded altar of an unknown god.
   337 | D:1      | Reached skill level 5 in Hexes
   356 | D:1      | Learned a level 2 spell: Ensorcelled Hibernation
   440 | D:1      | Reached skill level 5 in Stealth
   440 | D:1      | Gained mutation: You are afflicted with vampirism and can
                  | become a bat while bloodless. [Vampire growth]
   440 | D:1      | Reached XP level 3. HP: 19/19 MP: 6/6
   444 | D:1      | Learned a level 3 spell: Confusing Touch
   531 | D:1      | Reached skill level 1 in Armour
  1002 | D:2      | Reached skill level 1 in Ice Magic
  1002 | D:2      | Reached XP level 4. HP: 24/24 MP: 4/7
  1530 | D:2      | Identified the +0 helmet of the Louse {rC+}
  1717 | D:3      | Noticed Robin
  1993 | D:3      | Found Eklua's Distillery.
  2006 | D:3      | Bought a potion of heal wounds for 65 gold pieces
  2006 | D:3      | Bought a potion of might for 52 gold pieces
  2136 | D:3      | Noticed Natasha
  2138 | D:3      | Killed Natasha
  2139 | D:3      | Reached XP level 5. HP: 28/28 MP: 8/8
  2288 | D:3      | Found a runed translucent door.
  2289 | D:3      | Noticed Crazy Yiuf
  2296 | D:3      | Killed Crazy Yiuf
  2387 | D:4      | Found Lyzxoj's Magic Scroll Emporium.
  2420 | D:4      | Bought a scroll of teleportation for 30 gold pieces
  2522 | D:4      | Found Apioz's Distillery.
  2525 | D:4      | Bought a potion of curing for 30 gold pieces
  2530 | D:4      | Found Niwniag's Armour Shoppe.
  2539 | D:4      | Reached XP level 6. HP: 33/33 MP: 9/9
  2544 | D:4      | Learned a level 3 spell: Dazzling Flash
  2586 | D:4      | Reached skill level 1 in Fighting
  2637 | D:4      | Noticed Pikel
  2658 | D:4      | Killed Pikel
  2659 | D:4      | Reached skill level 1 in Conjurations
  2659 | D:4      | Reached XP level 7. HP: 24/38 MP: 5/11
  2664 | D:4      | Learned a level 3 spell: Tukima's Dance
  2703 | D:4      | Found a glowing drain.
  2730 | Sewer    | Entered a sewer
  2892 | Sewer    | Reached XP level 8. HP: 44/44 MP: 9/12
  3607 | D:4      | Noticed Eustachio
  3638 | D:4      | Killed Eustachio
  3875 | D:4      | Reached skill level 5 in Short Blades
  3904 | D:4      | Noticed Menkaure
  3917 | D:4      | Killed Menkaure
  4168 | D:5      | Entered Level 5 of the Dungeon
  4257 | D:5      | Reached skill level 5 in Dodging
  4408 | D:5      | Found a shimmering blue altar of Sif Muna.
  4818 | D:5      | Noticed Blork the orc
  4823 | D:5      | Killed Blork the orc
  4824 | D:5      | Reached XP level 9. HP: 51/51 MP: 15/15
  5358 | D:6      | Learned a level 2 spell: Blink
  5693 | D:6      | Reached skill level 1 in Translocations
  5835 | D:6      | Found a sparkling altar of Nemelex Xobeh.
  5835 | D:6      | Found a sacrificial altar of Ru.
  5835 | D:6      | Found a snail-covered altar of Cheibriados.
  5836 | D:6      | Found a shadowy altar of Dithmenos.
  5837 | D:6      | Found an iron altar of Okawaru.
  5838 | D:6      | Found a hide-covered altar of Uskayaw.
  5861 | D:6      | Became a worshipper of Ru the Awakened
  6790 | D:8      | Found a staircase to the Lair.
  6818 | D:8      | Found a broken altar of Ashenzari.
  6908 | D:8      | Reached skill level 1 in Evocations
  7009 | D:8      | Learned a level 3 spell: Vampiric Draining
  7106 | D:8      | Noticed Grum
  7108 | D:8      | Reached skill level 6 in Stealth
  7108 | D:8      | Reached skill level 1 in Necromancy
  7113 | D:8      | Killed Grum
  7118 | D:8      | Reached XP level 10. HP: 56/56 MP: 15/17
  7141 | D:8      | Found a basalt altar of Yredelemnul.
  7148 | D:8      | Reached skill level 7 in Stealth
  7353 | D:8      | Noticed Joseph
  7365 | D:8      | Killed Joseph
  7393 | D:8      | Found a shimmering altar of Xom.
  7393 | D:8      | Found a shimmering altar of Xom.
  7393 | D:8      | Found a shimmering altar of Xom.
  7397 | D:8      | Found a shimmering altar of Xom.
  7576 | D:7      | Found Hemeog's Book Emporium.
  7769 | D:7      | Reached skill level 10 in Hexes
  7958 | D:7      | Found a staircase to the Ecumenical Temple.
  7967 | Temple   | Entered the Ecumenical Temple
  8081 | Temple   | Fell from the grace of Ru
  8081 | Temple   | Became a worshipper of the Wu Jian Council
  8362 | Lair:1   | Entered Level 1 of the Lair of Beasts
  8368 | Lair:1   | Noticed a cane toad
  8376 | Lair:1   | Killed a cane toad
  8377 | Lair:1   | Reached skill level 5 in Spellcasting
  8425 | Lair:1   | Reached skill level 8 in Stealth
  8591 | Lair:1   | Reached skill level 9 in Stealth
  8822 | D:9      | Reached * piety under Wu Jian
  9048 | D:9      | Noticed Psyche
  9054 | D:9      | Killed Psyche
  9064 | D:9      | Learned a level 4 spell: Animate Dead
  9112 | D:8      | Reached skill level 10 in Stealth
  9213 | D:9      | Reached XP level 11. HP: 24/61 MP: 11/19
  9381 | D:9      | Found an ancient bone altar of Kikubaaqudgha.
  9876 | D:10     | Entered Level 10 of the Dungeon
 10063 | D:10     | Reached ** piety under Wu Jian
 10068 | D:10     | Reached skill level 11 in Stealth
 10113 | D:10     | Noticed a boulder beetle
 10116 | D:10     | Noticed an eight-headed hydra
 10118 | D:10     | Killed a boulder beetle
 10119 | D:10     | Reached skill level 5 in Necromancy
 10119 | D:10     | Noticed a catoblepas
 10121 | D:10     | Killed an eight-headed hydra
 10126 | D:10     | Killed a catoblepas
 10127 | D:10     | Reached skill level 12 in Stealth
 10154 | D:10     | Noticed a two-headed ogre
 10158 | D:10     | Killed a two-headed ogre
 10525 | D:10     | Reached skill level 13 in Stealth
 10533 | D:10     | Reached skill level 1 in Shields
 10688 | D:10     | Found a hazy altar of Hepliaklqana.
 10940 | D:11     | Noticed a boulder beetle
 10942 | D:11     | Noticed Fannar
 10942 | D:11     | Noticed Nergalle
 10948 | D:11     | Killed a boulder beetle
 10949 | D:11     | Reached XP level 12. HP: 68/68 MP: 21/21
 10953 | D:11     | Killed Nergalle
 10969 | D:11     | Killed Fannar
 10970 | D:11     | Reached skill level 5 in Fighting
 11077 | D:11     | Found a staircase to the Orcish Mines.
 11104 | D:11     | Reached *** piety under Wu Jian
 11418 | D:11     | Noticed a two-headed ogre
 11424 | D:11     | Killed a two-headed ogre
 11673 | D:11     | HP: 3/68 [slime creature (14)]
 12248 | D:4      | Bought a scroll of noise for 10 gold pieces
 12248 | D:4      | Bought a scroll of enchant weapon for 75 gold pieces
 12282 | D:3      | Banished Robin
 14147 | Lair:2   | Learned a level 5 spell: Metabolic Englaciation
 14179 | Lair:2   | You fall into a shaft and drop 2 floors!
 14217 | Lair:4   | Noticed a death yak
 14217 | Lair:4   | Noticed a death yak
 14221 | Lair:4   | Noticed a death yak
 14224 | Lair:4   | Noticed a death yak
 14381 | Lair:3   | Noticed a death yak
 14383 | Lair:3   | Noticed a death yak
 14386 | Lair:3   | Noticed a death yak
 14386 | Lair:3   | Noticed a death yak
 14386 | Lair:3   | Noticed a death yak
 14386 | Lair:3   | Noticed a death yak
 14757 | Lair:2   | Noticed a catoblepas
 14781 | Lair:2   | HP: 2/68 [catoblepas (14)]
 14782 | Lair:2   | Mangled by a catoblepas

Illustrated notes

Levels and vault maps discovered:
D:1:      dpeg_arrival_concentric_ovals, layout_basic,
          dreamdust_ecumenical_altar_angels_and_demons, hex_tiny
D:2:      layout_basic, minmay_misc_feat_more_columns
D:3:      layout_rooms, serial_shops, shop, uniq_robin, uniq_natasha,
          uniq_crazy_yiuf_cottage
D:4:      layout_loops_ring, tso_oasis_becter, serial_shops, shop, shop,
          nicolae_shop_tiny_real_fake_doors, gup_sewer_entry_glass,
          uniq_eustachio, uniq_menkaure, uniq_pikel
D:5:      layout_loops_corners, mainiacjoe_overflow_brackets, hex_large,
          kennysheep_generic_room_6, uniq_blork_the_orc
D:6:      layout_loops_corners, grunt_temple_overflow_open
D:7:      layout_loops_ring, minmay_temple_entry_glassed_door, serial_shops,
          shop, kennysheep_generic_room_8
D:8:      layout_basic, ashenzari_conservatory_becter,
          mainiacjoe_overflow_surrounded_room, xom_redecorated, uniq_grum,
          uniq_joseph
D:9:      layout_long_grid, kiku_gazebo_garden_becter, uniq_psyche
D:10:     minmay_ornate_pinched, layout_basic, mainiacjoe_overflow_alcove_4,
          lemuel_flamethrower_1
D:11:     layout_basic, minmay_orc_entry_temple_small, roderic_serpentine_path,
          uniq_fannar, uniq_nergalle
D:12:     layout_irregular_city, roderic_roman_lattice
Temple:   kb_temple_of_zot
Lair:1:   beast_lair_carwin_large_1, layout_misc_corridors,
          nicolae_lair_lil_pond, st_stairs_7, nicolae_quartered_pool_little,
          dreamdust_gnoll_shepherd
Lair:2:   layout_roguey, serial_forest, infiniplex_forest_clump_curved,
          infiniplex_forest_clump_curved, infiniplex_forest_clump_C,
          infiniplex_forest_straight_5, infiniplex_forest_end_3,
          infiniplex_forest_clump_large, infiniplex_forest_pool,
          infiniplex_forest_join, serial_bayou_shore_a
Lair:3:   beargit_carnivore_pack, layout_layer_cave, skrybe_swamp_entry_bodies,
          dummy_spider_entry, grunt_megastairs_2
Lair:4:   layout_loops_ring, dpeg_slime_entry_enclosed, minivault_19,
          chequers_serial_rivers_small_a, grunt_megastairs_4, uniq_snorg

Skill      XL: |  1  2  3  4  5  6  7  8  9 10 11 12 |
---------------+-------------------------------------+-----
Hexes          | 5 6 8 9 10 11 12 | 12.9
Stealth        | 5 6 10 13 | 13.0
Armour         | 1 2 3 4 |  4.0
Short Blades   | 2 3 4 5 6 7 9 |  9.7
Ice Magic      | 1 2 |  2.2
Fighting       | 1 3 4 5 |  5.4
Dodging        | 4 5 6 7 |  7.6
Spellcasting   | 3 4 5 6 7 |  7.9
Conjurations   | 1 |  1.0
Translocations | 2 3 |  3.0
Evocations     | 1 2 |  2.3
Necromancy     | 1 4 6 7 |  7.0
Shields        | 1 4 |  4.9
Throwing       | |  0.2

Action                     |  1- 3 |  4- 6 |  7- 9 | 10-12 || total
---------------------------+-------+-------+-------+-------++-------
  Melee: Dagger            |    54 |   136 |   268 |   475 ||   933
         Bite              |     3 |    12 |    35 |    46 ||    96
         Punch             |       |     1 |     5 |       ||     6
  Throw: Boomerang         |       |       |       |     3 ||     3
   Cast: Ensorcelled Hiber |     5 |    15 |    52 |    89 ||   161
         Confusing Touch   |       |       |     2 |     5 ||     7
         Dazzling Flash    |       |       |     1 |     9 ||    10
         Animate Dead      |       |       |       |     3 ||     3
         Tukima's Dance    |       |       |       |     6 ||     6
         Vampiric Draining |       |       |       |     7 ||     7
         Blink             |       |       |       |     3 ||     3
 Invoke: Reject Sacrifices |       |       |       |     1 ||     1
Ability: Exsanguinate      |     1 |       |       |       ||     1
         Whirlwind         |       |       |       |    37 ||    37
         Lunge             |       |       |       |    82 ||    82
         Bat Form          |       |       |       |     2 ||     2
         End Transformatio |       |       |       |     1 ||     1
    Use: Potion            |       |       |       |     4 ||     4
         Scroll            |       |       |       |    17 ||    17
   Stab: Sleeping          |    22 |    28 |    53 |   107 ||   210
         Distracted        |       |     2 |     1 |     2 ||     5
         Confused          |       |       |     1 |     5 ||     6
         Invisible         |       |       |     2 |    14 ||    16
 Armour: Leather armour    |    11 |    18 |    41 |       ||    70
         Steam dragon scal |       |       |    17 |    78 ||    95
  Dodge: Dodged            |    21 |    46 |   141 |   229 ||   437
  Block: Buckler           |       |       |       |    20 ||    20
